AoeStats
← TheHuisman

Lombardia

509506111Analyzed
4v4 RM · 4d ago on Sep 27, 2026· 39m 47s· 8 players
Game mode
Random Map
Map size
Large (8 player)
Population
200
Speed
Normal
Resources
Standard
Victory
Conquest
Starting age
Dark Age
Ending age
Imperial Age
RankedLock teamsTeams togetherTeam positionsShared explorationLock speedFull tech treeHidden civsTurbo modeCheats
Victory
Defeat
🇲🇽 Wei · Mexico
1148
+13
🇲🇽 Franks · Mexico
1121
+14
🇦🇷 Japanese · Argentina
1119
+14
🇲🇽 Italians · Mexico
1114
+14
🇧🇴 Khmer · Bolivia
1110
-16
🇨🇱 Jurchens · Chile
1106
-15
🇨🇴 Bulgarians · Colombia
1089
-14
🇦🇷 Georgians · Argentina
973
-10
TheHuisman
7:09 Loom
9:09 Feudal Age
9:42 Man-at-Arms
10:51 Arson
11:22 Double-Bit Axe
12:20 Town Watch
12:18 Horse Collar
17:32 Scale Mail Armor
18:44 Forging
24:18 Castle Age
23:30 Gold Mining
23:31 Stone Mining
25:48 Iron Casting
25:02 Gambesons
25:39 Squires
30:30 Wheelbarrow
30:27 Fervor
30:10 Fletching
31:19 Bow Saw
31:30 Padded Archer Armor
33:27 Town Patrol
35:03 Chain Mail Armor
34:33 Treadmill Crane
39:46 Imperial Age
37:54 Bodkin Arrow
39:06 Masonry
38:52 Murder Holes
40:32 Leather Archer Armor
40:40 Ballistics
40:30 Fortified Wall
orlandgw
12:47 Feudal Age
14:11 Wheelbarrow
15:04 Loom
15:41 Double-Bit Axe
19:36 Castle Age
18:53 Loom
19:22 Forging
20:40 Scale Barding Armor
23:35 Bow Saw
23:30 Husbandry
23:29 Town Watch
24:44 Stone Mining
27:50 Hand Cart
28:08 Gold Mining
28:55 Iron Casting
29:50 Chain Barding Armor
30:48 Murder Holes
31:36 Gold Shaft Mining
32:02 Fletching
33:57 Ordonnance Companies
36:26 Bodkin Arrow
37:53 Town Patrol
42:41 Imperial Age
Sonaron Disparos
11:16 Feudal Age
16:11 Castle Age
14:31 Double-Bit Axe
14:51 Loom
16:59 Horse Collar
21:01 Fletching
22:38 Bow Saw
23:54 Bodkin Arrow
27:16 Ballistics
32:18 Imperial Age
29:55 Padded Archer Armor
34:33 Chemistry
34:31 Gold Mining
35:17 Conscription
36:08 Bracer
37:13 Wheelbarrow
37:47 Two-Man Saw
38:07 Leather Archer Armor
38:40 Hand Cart
38:12 Town Watch
39:47 Elite Genoese Crossbowman
Art88P
4:43 Loom
11:25 Feudal Age
16:22 Castle Age
17:04 Bloodlines
24:28 Stone Mining
28:16 Scale Barding Armor
28:22 Forging
28:15 Husbandry
29:46 Double-Bit Axe
29:43 Horse Collar
31:35 Wheelbarrow
32:09 Stone Shaft Mining
31:24 Gold Mining
33:05 Bow Saw
33:12 Heavy Plow
34:30 Chain Barding Armor
36:08 Gold Shaft Mining
36:41 Iron Casting
40:37 Imperial Age
39:14 Town Watch
39:45 Hand Cart
AG_Granadictos24
6:15 Loom
11:40 Feudal Age
12:05 Double-Bit Axe
12:45 Horse Collar
14:16 Man-at-Arms
22:59 Bloodlines
25:06 Castle Age
26:46 Husbandry
29:03 Forging
28:59 Scale Barding Armor
Tosqui
2:00 Loom
11:05 Feudal Age
11:41 Double-Bit Axe
16:54 Castle Age
15:38 Gold Mining
16:34 Stone Mining
23:21 Wheelbarrow
25:31 Town Watch
28:20 Horse Collar
29:46 Husbandry
31:35 Bow Saw
32:02 Stone Shaft Mining
31:35 Heavy Plow
34:51 Imperial Age
33:51 Scale Barding Armor
35:18 Forging
35:28 Bloodlines
35:55 Conscription
37:37 Chain Barding Armor
37:02 Treadmill Crane
37:43 Ballistics
EXILS_FABIOMAGNO_
13:36 Feudal Age
11:57 Loom
13:43 Feudal Age
14:40 Double-Bit Axe
15:27 Horse Collar
25:11 Forging
25:07 Scale Barding Armor
25:02 Scale Mail Armor
28:15 Gold Mining
28:15 Stone Mining
32:41 Castle Age
31:55 Bloodlines
33:27 Husbandry
35:53 Heavy Plow
36:05 Bow Saw
36:14 Squires
36:04 Pikeman
EXILS_FERNANDO
11:14 Feudal Age
14:11 Castle Age
12:51 Loom
14:04 Stone Mining
Connection lost

Rejoining the realm…

Still unreachable

The connection could not be restored.

Session expired

The server has moved on; the page needs a fresh start.